 Dungeon Crawl Stone Soup version 0.18-a0-1347-gb9e2fb4 (console) character file.

327 utis the Bolt Thrower (level 6, -1/47 HPs)
             Began as a Formicid Arcane Marksman on Feb 17, 2016.
             Slain by Purgy (2 damage)
             ... in a sewer.
             The game lasted 00:18:28 (5837 turns).

utis the Bolt Thrower (Formicid Arcane Marksman)    Turns: 5837, Time: 00:18:28

Health: -1/47      AC:  7    Str: 15    XL:     6   Next: 79%
Magic:  7/9        EV: 11    Int: 18    God:
Gold:   178        SH:  0    Dex: 12    Spells: 3 memorised, 2 levels left

rFire  . . .     SeeInvis +     i - +0 hunting sling
rCold  . . .     Gourm    .     j - +0 ring mail
rNeg   . . .     Faith    .     (no shield)
rPois  .         Spirit   .     (helmet unavailable)
rElec  .         Dismiss  .     k - +1 cloak
rCorr  .         Reflect  .     (no gloves)
SustAt .         Harm     .     (no boots)
MR     .....                    (no amulet)
Stlth  +.........               (no ring)
                                (no ring)

@: brilliant, not resistant to hostile enchantments, very unstealthy
A: permanent stasis, dig shafts and tunnels, four strong arms, antennae 3
a: Dig, Shaft Self


You were in a sewer.
You were very hungry.

You visited 1 branch of the dungeon, and saw 4 of its levels.
You also visited: Sewer.

You collected 178 gold pieces.

Inventory:

Hand Weapons
 a - a +1 whip of freezing
 b - a +1 hand crossbow
 c - a +0 blowgun {@w1}
 i - a +0 hunting sling (weapon)
 l - a +2 quarterstaff of chaos
 m - a +0 hand axe
 r - a +0 flail of crushing
Missiles
 d - 8 bolts
 e - 44 stones (quivered)
 q - 15 poisoned needles
Armour
 h - a +0 robe
 j - a +0 ring mail (worn)
 k - a +1 cloak (worn)
Jewellery
 u - an uncursed ring of sustain attributes {unknown}
Scrolls
 o - a scroll of remove curse {@r2}
Books
 s - a book of Debilitation

   Spells                             Type                      Level
   a - Corona                         Hexes                        1
   b - Slow                           Hexes                        2
   c - Gell's Gravitas                Hexes/Translocation          3
   d - Inner Flame                    Hexes/Fire                   3
   e - Cause Fear                     Hexes                        4
   f - Leda's Liquefaction            Hexes/Earth                  4
Comestibles
 f - 4 bread rations {@e1}
 n - a meat ration {@e1}


   Skills:
 - Level 3.0 Fighting
 - Level 5.0 Crossbows
 - Level 1.7 Dodging
 + Level 2.2 Spellcasting
 * Level 4.8 Hexes


You had 2 spell levels left.
You knew the following spells:

 Your Spells              Type           Power        Failure   Level  Hunger
w - Slow                  Hex            ####....     1%          2    ##.....
x - Cause Fear            Hex            ####......   9%          4    #####..
z - Corona                Hex            ####...      1%          1    #......


Dungeon Overview and Level Annotations

Branches:
Dungeon (4/15)
 Temple: D:4-7

Altars:

Annotations:
Sewer Purgy


Innate Abilities, Weirdness & Mutations

You are under a permanent stasis effect.
You can dig through walls and to a lower floor.
Your four strong arms can wield two-handed weapons with a shield.
You have a pair of large antennae on your head (SInv).


Message History

Purgy bites you but does no damage. Purgy claws you.
* * * LOW HITPOINT WARNING * * *
Purgy claws you but does no damage.
Firing (i - inventory. (,) - cycle):
g - a sling bullet (quivered)
Press: ? - help, Shift-Dir - straight line, f/p - Purgy
Aim: Purgy (severely wounded)
You shoot a sling bullet. The sling bullet closely misses Purgy.
Purgy bites you.
* * * LOW HITPOINT WARNING * * *
Purgy claws you.
* * * LOW HITPOINT WARNING * * *
Purgy closely misses you.
Firing (i - inventory):
e - 45 stones (quivered)
Press: ? - help, Shift-Dir - straight line, f/p - Purgy
Aim: Purgy (severely wounded)
You shoot a stone.
The stone hits Purgy but does no damage.
Purgy is severely wounded.
Purgy bites you.
You die...

≈≈≈▒ ≈≈≈▒
≈≈≈▒ ≈≈≈▒
≈≈≈▒ ≈≈≈▒
▒▒▒▒▒▒▒▒▒▒
▒..'.≈≈≈.+
▒▒▒▒a≈≈≈.▒
▒▒▒▒T≈≈≈.▒
▒..'➘≈≈≈.+
▒▒▒▒➘≈≈≈.▒
▒▒▒▒➘≈≈≈.▒
▒).'➘≈≈≈.+
▒▒▒▒➘≈≈≈.▒
▒▒▒▒➘≈≈≈.▒▒▒▒
▒..'..∩....∩▒


You could see Purgy.

Vanquished Creatures
  A scorpion (D:3)
  An orc priest (D:3)
  Crazy Yiuf (D:2)
  2 orc wizards (D:3)
  6 adders
  An ooze (D:1)
  3 worms (D:3)
  3 giant geckos
  13 orcs
  2 giant cockroaches
  9 goblins
  13 hobgoblins
  3 jackals (D:2)
  6 kobolds
  2 quokkas
  7 bats
  6 giant newts
  6 rats
85 creatures vanquished.

Notes
Turn   | Place    | Note
--------------------------------------------------------------
     0 | D:1      | utis the Formicid Arcane Marksman began the quest for the Orb.
     0 | D:1      | Reached XP level 1. HP: 15/15 MP: 2/2
   469 | D:1      | Reached XP level 2. HP: 19/21 MP: 3/3
   811 | D:1      | Learned a level 2 spell: Slow
  1675 | D:2      | Reached XP level 3. HP: 26/26 MP: 1/4
  1786 | D:2      | Noticed Crazy Yiuf
  1799 | D:2      | Killed Crazy Yiuf
  1799 | D:2      | Reached XP level 4. HP: 31/33 MP: 3/5
  2467 | D:2      | Reached skill level 4 in Crossbows
  3268 | D:2      | Reached XP level 5. HP: 39/39 MP: 6/6
  4521 | D:3      | Reached skill level 5 in Crossbows
  4617 | D:3      | Reached XP level 6. HP: 47/47 MP: 7/7
  5021 | D:3      | Learned a level 4 spell: Cause Fear
  5695 | D:4      | Found a glowing drain.
  5699 | Sewer    | Entered a sewer
  5774 | Sewer    | Noticed Purgy
  5836 | Sewer    | HP: 2/47 [Purgy (3)]
  5837 | Sewer    | Slain by Purgy

Vault maps used:
D:1:      minmay_arrival_split_and_join
D:2:      guppyfry_early_orc_mine, uniq_crazy_yiuf_cottage
D:3:      first_bread
D:4:      lightli_sewer_entry_pipes
Sewer:    kennysheep_door_sewer

Action                   |  1- 3 |  4- 6 || total
-------------------------+-------+-------++-------
Melee: Unarmed           |     7 |       ||     7
       Hand axe          |    19 |       ||    19
       Whip              |    18 |   211 ||   229
       Flail             |       |    25 ||    25
 Fire: Hand crossbow     |     7 |    37 ||    44
       Hunting sling     |       |    70 ||    70
       Blowgun           |       |     2 ||     2
 Cast: Corona            |    13 |    17 ||    30
       Slow              |     6 |    25 ||    31
       Cause Fear        |       |     1 ||     1
  Use: Scroll            |     4 |     4 ||     8
       Potion            |       |     3 ||     3
  Eat: Chunk             |     4 |    15 ||    19
